 Dungeon Crawl Stone Soup version 0.17.2-1-ge4368a0 (webtiles) character file.

368 Goblin1989 the Ducker (level 6, -2/30 HPs)
             Began as a Spriggan Gladiator on Aug 19, 2016.
             Was an Initiate of Ashenzari.
             Slain by a gnoll (7 damage)
             ... on level 4 of the Dungeon.
             The game lasted 00:09:34 (4952 turns).

Goblin1989 the Ducker (Spriggan Gladiator)          Turns: 4952, Time: 00:09:35

Health: -2/30      AC:  2    Str: 12    XL:     6   Next: 41%
Magic:  7/7        EV: 22    Int:  9    God:    Ashenzari [......]
Gold:   232        SH:  0    Dex: 18    Spells: 0 memorised, 5 levels left

rFire  . . .     SeeInvis +     a - +0 rapier (curse)
rCold  . . .     Clarity  .     b - +0 robe
rNeg   . . .     SustAt   .     (shield restricted)
rPois  .         Gourm    .     c - +0 hat
rElec  .         Spirit   .     (no cloak)
rCorr  .         Warding  .     (gloves unavailable)
rMut   .         Stasis   .     (boots unavailable)
MR     +....                    (no amulet)
Stlth  +++.......               (no ring)
                                (no ring)

@: very quick, somewhat resistant to hostile enchantments, fairly stealthy
A: unfitting armour, see invisible, herbivore 3, speed 3, slow metabolism 2
a: Renounce Religion


You were on level 4 of the Dungeon.
You worshipped Ashenzari.
Ashenzari was noncommittal.
You were not hungry.

You visited 1 branch of the dungeon, and saw 4 of its levels.
You also visited: Sewer.

You collected 232 gold pieces.

Inventory:

Hand Weapons
 a - a cursed +0 rapier (weapon)
 y - a +0 blowgun
Missiles
 d - 2 throwing nets (quivered)
 z - 31 poisoned needles
Armour
 b - a +0 robe (worn)
 c - a +0 hat (worn)
Jewellery
 f - an uncursed ring of fire
 k - an uncursed ring of wizardry
 s - an uncursed ring of ice
 x - an uncursed ring of protection from cold
Wands
 t - a wand of draining (2)
Scrolls
 j - 3 scrolls of enchant armour {unknown}
 m - 4 scrolls of teleportation {unknown}
 p - 4 scrolls of identify {unknown}
 r - 2 scrolls of curse jewellery
 u - a scroll of remove curse
 v - 2 scrolls of amnesia {unknown}
 w - a scroll of recharging {unknown}
 D - a scroll of enchant weapon {unknown}
 E - 3 scrolls of fear {unknown}
Potions
 g - a potion of brilliance {unknown}
 h - 2 potions of magic {unknown}
 i - a potion of lignification {unknown}
 l - 3 potions of curing
 n - a potion of degeneration {unknown}
 o - a potion of ambrosia {unknown}
 q - a potion of invisibility {unknown}
 A - 2 potions of might {unknown}
 C - a potion of poison {unknown}
Comestibles
 e - a bread ration
 B - 3 fruits


   Skills:
 - Level 1.5 Fighting
 * Level 6.2 Short Blades
 - Level 2.0 Throwing
 + Level 6.4 Dodging
 + Level 4.4 Stealth


You had 5 spell levels left.
You didn't know any spells.

Dungeon Overview and Level Annotations

Branches:
Dungeon (4/15)
 Temple: D:4-7

Altars:
Ashenzari
Sif Muna
The Shining One


Innate Abilities, Weirdness & Mutations

You are tiny and cannot use many weapons and most armour.
You have supernaturally acute eyesight.
You are a herbivore.
You cover ground extremely quickly.
You need consume almost no food.


Message History

You kill the gnoll!
The gnoll completely misses you.
Items here: ))) [ † a +0 whip; a +0 club; an uncursed robe; a +0 whip; a gnoll corpse You completely miss the gnoll.
The gnoll misses you.
You hit the gnoll.
The gnoll is lightly wounded.
The gnoll barely misses you.
You hit the gnoll.
The gnoll is moderately wounded.
The gnoll completely misses you.
You closely miss the gnoll.
The gnoll is moderately wounded.
The gnoll completely misses you.
You barely miss the gnoll.
The gnoll is moderately wounded.
You hit the gnoll.
The gnoll is severely wounded.
The gnoll hits you!
You die...

..##.###..#.#.##.......#
... ..##.#
#).#.#.##.......# ...
.###.# #. #.# #.......#
. .# #.. #.......# ##
... #.######.......#
.... .........#.....#
... #.######.#.....#
#.#.....# # #@#.....#
####### ##.####g##.####
#...... .......g.#.#
#...... .........#.#
#...... .........#.#
#...... ........)#.#
######. #######
.........#.# #. ......##
.........#.# #. .......#
.........#.# ######.


You could see 2 gnolls.

Vanquished Creatures
  An ogre (D:4)
  A worker ant (D:4)
  Natasha (twice) (D:3)
  A gnoll shaman (D:4)
  6 adders
  3 gnolls (D:4)
  A river rat (D:4)
  An ooze (D:2)
  2 worms
  5 giant geckos
  An orc (D:3)
  5 ball pythons
  6 bats
  8 giant cockroaches
  8 goblins
  7 hobgoblins
  14 jackals
  10 kobolds
  9 giant newts
  A quokka (D:2)
  7 rats
99 creatures vanquished.

Notes
Turn   | Place    | Note
--------------------------------------------------------------
     0 | D:1      | Goblin1989 the Spriggan Gladiator began the quest for the Orb.
     0 | D:1      | Reached XP level 1. HP: 10/10 MP: 2/2
   225 | D:1      | Reached XP level 2. HP: 14/14 MP: 3/3
   958 | D:1      | Reached XP level 3. HP: 10/18 MP: 4/4
  1380 | D:2      | Reached skill level 5 in Dodging
  1380 | D:2      | Reached skill level 1 in Stealth
  1598 | D:2      | Found a glowing golden altar of the Shining One.
  2461 | D:3      | Reached XP level 4. HP: 22/22 MP: 5/5
  2469 | D:3      | Found a shattered altar of Ashenzari.
  2500 | D:3      | Became a worshipper of Ashenzari the Shackled
  3002 | D:3      | Noticed Natasha
  3016 | D:3      | Killed Natasha
  3170 | D:3      | Reached skill level 5 in Short Blades
  3180 | D:3      | Noticed Natasha
  3186 | D:3      | Killed Natasha
  3261 | D:4      | Noticed an ogre
  3269 | D:4      | Killed an ogre
  3269 | D:4      | Reached skill level 6 in Dodging
  3269 | D:4      | Reached XP level 5. HP: 25/25 MP: 6/6
  3398 | D:4      | HP: 1/25 [worm (10)]
  3433 | D:4      | Found a glowing drain.
  3443 | Sewer    | Entered a sewer
  4047 | Sewer    | Reached XP level 6. HP: 30/30 MP: 7/7
  4837 | D:4      | Found a deep blue altar of Sif Muna.
  4952 | D:4      | Slain by a gnoll

Action                   |  1- 3 |  4- 6 || total
-------------------------+-------+-------++-------
Melee: Rapier            |   194 |   233 ||   427
Throw: Throwing net      |     1 |     3 ||     4
Evoke: Wand              |       |     1 ||     1
  Use: Scroll            |       |     1 ||     1
       Potion            |       |     1 ||     1
 Stab: Sleeping          |     5 |     8 ||    13
       Held in net/web   |     1 |     2 ||     3
  Eat: Fruit             |       |     2 ||     2
